 Dungeon Crawl Stone Soup version 0.28.0 (webtiles) character file.

Game seed: 14062747601737278321

67 browni3141 the Skirmisher (level 3, 0/51 HPs)
             Began as a Minotaur Berserker on Feb 16, 2022.
             Was a Follower of Trog.
             Slain by a kobold (5 damage)
             ... on level 2 of the Dungeon.
             The game lasted 00:00:42 (1710 turns).

browni3141 the Skirmisher (Minotaur Berserker)      Turns: 1710, Time: 00:00:42

Health: 0/51       AC:  3    Str: 23    XL:     3   Next: 98%
Magic:  2/2        EV: 12    Int:  4    God:    Trog [*.....]
Gold:   68         SH:  0    Dex:  9    Spells: 2/2 levels left

rFire   . . .      SeeInvis .   a - +0 hand axe
rCold   . . .      Faith    .   (no shield)
rNeg    . . .      Spirit   .   b - +0 animal skin
rPois   .          Reflect  .   (helmet restricted)
rElec   .          Harm     .   (no cloak)
rCorr   .          Rampage  .   (no gloves)
Will    .....                   d - +0 pair of boots
Stlth   ..........              (no amulet)
HPRegen 0.17/turn               (no ring)
MPRegen 0.08/turn               (no ring)

@: berserking, very quick
A: horns 2, retaliatory headbutt
a: Renounce Religion, Berserk


You were on level 2 of the Dungeon.
You worshipped Trog.
Trog was aware of your devotion.
You visited 1 branch of the dungeon, and saw 2 of its levels.

You collected 68 gold pieces.

Inventory:

Hand Weapons
 a - a +0 hand axe (weapon)
Armour
 b - a +0 animal skin (worn)
 d - a +0 pair of boots (worn)
Scrolls
 e - 2 scrolls of fog {unknown}
 f - 2 scrolls of teleportation {unknown}
 g - a scroll of fear {unknown}
 i - a scroll of identify {unknown}
 j - a scroll of summoning {unknown}
Potions
 c - 2 potions of magic {unknown}
 h - a potion of might {unknown}


   Skills:
 + Level 4.5 Fighting
 + Level 4.5 Axes
 + Level 3.5 Armour
 - Level 2.1 Dodging


You had 2 spell levels left.
You didn't know any spells.
Your spell library was empty.

Dungeon Overview and Level Annotations

Branches:
Dungeon (2/15)

Altars:


Innate Abilities, Weirdness & Mutations

You have a pair of horns on your head.
You reflexively headbutt those who attack you in melee.


Message History

You are more poisoned.
The adder poisons you! The adder bites you but does no damage.
The adder closely misses you.
You hit the adder but do no damage. You hit the adder.
You kill the adder!
Trog accepts your kill.
You feel sick.
The adder bites you but does no damage. x2
You closely miss the adder.
You feel sick. The adder bites you.
You closely miss the adder.
You feel sick. The adder barely misses you. The adder closely misses you.
You furiously retaliate!
You headbutt the adder!
You kill the adder!
Trog accepts your kill.
No target in view!
You feel sick.
You see here an adder corpse.
No target in view!
A kobold comes into view. It is wielding a +0 short sword.
You feel sick.
The kobold shouts!
A kobold is nearby!
A kobold is nearby!
A kobold is nearby!
A worm comes into view.
Found 10 stones.
You feel sick.
You are no longer poisoned.
The kobold barely misses you. The kobold misses you.
Found a stone staircase leading up.
The worm bites you.
* * * LOW HITPOINT WARNING * * *
The kobold hits you with a +0 short sword.
* * * LOW HITPOINT WARNING * * *
A hobgoblin comes into view.
You are too injured to fight recklessly!
You are too injured to fight recklessly!
Unknown command.
A red film seems to cover your vision as you go berserk!
You feel yourself moving faster!
You feel mighty!
The hobgoblin shouts!
The kobold hits you with a +0 short sword.
You die...

...#..#..##.# #.......(.#
##..##....##....#######.###
##. .#...#####... #..#
###.....# ..#####.#
#.#...###### ...##.#
<.........# #.##)#
..........######....#
......(...##.†..)..)#
.......@.....#†.....#
......w.K...##......#
...g###.#...........# ##.
...##.###......# ##.....#
#......# #####.# #......#
#.# ######## #..


You could see a worm, a hobgoblin and a kobold.

Vanquished Creatures
  3 adders (D:2)
  2 dart slugs (D:1)
  4 endoplasms
  A giant cockroach (D:1)
  5 goblins
  2 hobgoblins (D:1)
  3 kobolds
  2 quokkas (D:1)
  4 ball pythons
  4 bats (D:1)
  2 frilled lizards
  4 rats (D:1)
36 creatures vanquished.

Notes
Turn   | Place    | Note
-------+----------+-------------------------------------------
     0 | D:1      | browni3141 the Minotaur Berserker began the quest for the
                  | Orb.
     0 | D:1      | Reached XP level 1. HP: 19/19 MP: 0/0
   287 | D:1      | Reached XP level 2. HP: 12/27 MP: 1/1
  1045 | D:1      | Reached XP level 3. HP: 33/33 MP: 2/2
  1710 | D:2      | Slain by a kobold

Illustrated notes

Levels and vault maps discovered:
D:1:      amcnicky_arrival_gap_in_the_tavern_cellar, layout_basic,
          chequers_serial_rivers_large_b
D:2:      layout_rooms

Skill      XL: |  1  2 |
---------------+-------+-----
Fighting       | 4 |  4.5
Axes           | 4 |  4.5
Armour         | 3 |  3.5
Dodging        | |  2.1

Action                   || total
-------------------------++-------
Melee: Hand axe          ||    68
       Headbutt          ||     6
Invok: Berserk           ||     1
 Stab: Sleeping          ||     1
Armor: Animal skin       ||    16
Dodge: Dodged            ||    49
